 Dungeon Crawl Stone Soup version 0.22.1-1-ga44c0e56f4 (webtiles) character file.

9933 Ivernyr the Ogre Mage (level 11, -20/119 HPs)
             Began as an Ogre Wizard on Aug 8, 2018.
             Was a Priest of Sif Muna.
             Demolished by a spiny frog (25 damage)
             ... on level 11 of the Dungeon on Sept 28, 2018.
             The game lasted 03:33:41 (20844 turns).

Ivernyr the Ogre Mage (Ogre Wizard)                Turns: 20844, Time: 03:33:41

Health: -20/119    AC:  4    Str: 15    XL:     11   Next: 54%
Magic:  14/27      EV: 10    Int: 25    God:    Sif Muna [***...]
Gold:   556        SH:  0    Dex: 13    Spells: 15/35 levels left

rFire    . . .     SeeInvis +   o - +5 rapier of Growth {pain, Str+2 Dex+6 SInv}
rCold    . . .     Gourm    .   (no shield)
rNeg     . . .     Faith    .   a - +0 robe
rPois    .         Spirit   .   b - +0 hat
rElec    .         Reflect  .   v - +0 cloak
rCorr    .         Harm     .   (gloves unavailable)
MR       +....                  (boots unavailable)
Stlth    ++........             (no amulet)
HPRegen  0.29/turn              L - +3 ring of intelligence
MPRegen  0.20/turn              K - ring of wizardry

@: lethally poisoned (-20 -> -21), divine energy
A: large, unfitting armour, tough skin 1
a: Stop Divine Energy, Channel Magic, Renounce Religion


You were on level 11 of the Dungeon.
You worshipped Sif Muna.
Sif Muna was most pleased with you.
You were near starving.

You visited 3 branches of the dungeon, and saw 13 of its levels.

You collected 556 gold pieces.

Inventory:

Hand Weapons
 o - the +5 rapier of Growth (weapon) {pain, Str+2 Dex+6 SInv}
   (You found it on level 10 of the Dungeon)

   In the hands of one skilled in necromantic magic, it inflicts extra damage on
   living creatures.
   It affects your strength (+2).
   It affects your dexterity (+6).
   It lets you see invisible.
Armour
 a - a +0 robe (worn)
 b - a +0 hat (worn)
 v - a +0 cloak (worn)
Jewellery
 J - an uncursed ring of protection from fire
 K - a ring of wizardry (right hand)
 L - a +3 ring of intelligence (left hand)
 O - an uncursed ring of magical power {unknown}
Wands
 k - a wand of acid (32)
 u - a wand of paralysis (10)
 w - a wand of disintegration (11)
 x - a wand of polymorph (8)
 y - a wand of clouds (7)
 A - a wand of iceblast (6)
 F - a wand of enslavement (17)
 I - a wand of digging (16)
 P - a wand of flame (4)
Scrolls
 c - 8 scrolls of identify
 e - 7 scrolls of teleportation
 f - 3 scrolls of remove curse
 i - a scroll of immolation {unknown}
 l - 4 scrolls of fog {unknown}
 q - a scroll of enchant armour {unknown}
 r - a scroll of amnesia {unknown}
 z - a scroll of fear {unknown}
 D - 3 scrolls of magic mapping {unknown}
 E - 2 scrolls of enchant weapon {unknown}
Potions
 g - 2 potions of magic {unknown}
 h - 8 potions of curing {unknown}
 j - 5 potions of lignification {unknown}
 m - 4 potions of flight {unknown}
 n - a potion of agility {unknown}
 p - 2 potions of cancellation {unknown}
 s - 3 potions of ambrosia {unknown}
 t - 3 potions of degeneration {unknown}
 B - 4 potions of heal wounds {unknown}
 C - 3 potions of haste
 G - 4 potions of might {unknown}
 H - a potion of mutation {unknown}
 M - a potion of brilliance {unknown}
Comestibles
 d - 8 rations


   Skills:
 + Level 10.3 Fighting
 - Level 1.7 Dodging
 - Level 1.4 Stealth
 * Level 12.5 Spellcasting
 + Level 9.3 Conjurations
   Level 0.8 Summonings
 - Level 0.8 Translocations
 + Level 5.4 Invocations


You had 15 spell levels left.
You knew the following spells:

 Your Spells              Type           Power        Failure   Level  Hunger
a - Magic Dart            Conj           ####         1%          1    None
b - Blink                 Tloc           N/A          1%          2    None
c - Conjure Flame         Conj/Fire      #####...     1%          3    None
d - Mephitic Cloud        Conj/Pois/Air  ####....     1%          3    None
e - Swiftness             Chrm/Air       ###.....     2%          2    None
f - Lightning Bolt        Conj/Air       #####.....   6%          5    ###....
g - Airstrike             Air            ###.......   16%         4    None

Your spell library contained the following spells:

 Spells                   Type           Power        Failure   Level  Hunger
 Animate Skeleton         Necr           N/A          1%          1    None
 Apportation              Tloc           ###...       1%          1    None
 Confusing Touch          Hex            ###...       1%          1    None
 Corona                   Hex            ###....      1%          1    None
 Shock                    Conj/Air       ####         1%          1    None
 Summon Small Mammal      Summ           ###.         1%          1    None
 Call Imp                 Summ           ###.....     1%          2    None
 Dazzling Spray           Conj/Hex       #####.       1%          3    None
 Static Discharge         Conj/Air       #####...     1%          3    None
 Ensorcelled Hibernation  Hex/Ice        ###...       2%          2    None
 Slow                     Hex            ###.....     2%          2    None
 Confuse                  Hex            ###.....     4%          3    None
 Tukima's Dance           Hex            ###.....     4%          3    None
 Malign Gateway           Summ/Tloc      ###.......   100%        7    ######.
 Monstrous Menagerie      Summ           ###.......   100%        7    ######.
 Summon Greater Demon     Summ           ###.......   100%        7    ######.
 Summon Horrible Things   Summ           ###.......   100%        8    #######


Dungeon Overview and Level Annotations

Branches:
Dungeon (11/15)            Temple (1/1) D:6            Lair (1/6) D:11
    Orc (0/2) D:9

Altars:
Ashenzari
Cheibriados
Dithmenos
Elyvilon
Fedhas
Gozag
Hepliaklqana
Kikubaaqudgha
Makhleb
Nemelex Xobeh
Okawaru
Qazlal
Ru
Sif Muna
Trog
Uskayaw
Vehumet
Wu Jian
Xom
Yredelemnul
Zin
The Shining One

Shops:
D:5 =   D:6 *   D:9 [


Innate Abilities, Weirdness & Mutations

You are too large for most types of armour.
You have tough skin. (AC +1)


Message History

You feel sick.
You feel sick.
Casting: Conjure Flame (safe; 1% risk of failure)
Confirm with . or Enter, or press ? or * to list all spells.
You blink.
Casting: Blink (safe; 1% risk of failure)
Confirm with . or Enter, or press ? or * to list all spells.
Aiming: Magic Dart (safe; 1% risk of failure)
Press: ? - help, Shift-Dir - straight line, f - spiny frog
Aim: a spiny frog (severely wounded)
The magic dart hits the spiny frog.
The spiny frog is severely wounded.
You feel sick.
Casting: Magic Dart (safe; 1% risk of failure)
Confirm with . or Enter, or press ? or * to list all spells.
You blink.
Casting: Blink (safe; 1% risk of failure)
Confirm with . or Enter, or press ? or * to list all spells.
You blink.
You feel sick. The spiny frog stings you!!
You die...

##.### ######......[#.#........#
.....# #.....#.#.#####....#
###### #.....#.#.##..'..#.#
....# #......)#'###.#>..(# ....#
#...........#.#....# ....#
#.........#.#.#.#..# ###.#
#.#.§.##..#.#.'....# ....#####
#.#.F.......#+#....# ###.....#
#...@..§....#.'..#.# ..'.##..#
#......####.###....# ..#.....#
#.##...............# ###.....#
#.##.........#..#..#
........#####..................#
...#..#........................#
...#..#.............###..#..#..#
...............................#
################################


You could see a spiny frog.

Vanquished Creatures
  An unseen horror (D:11)
  An ugly thing (D:11)
  A centaur zombie (D:11)
  A redback zombie (D:10)
  A hippogriff (D:8)
  11 yaks (D:11)
  Sigmund (D:3)
  3 wyverns
  2 hungry ghosts
  Menkaure (D:5)
  2 wargs (D:11)
  4 water moccasins
  A sky beast (D:11)
  6 orc warriors
  2 ice beasts
  5 ogres
  A phantom (D:6)
  A necrophage (D:11)
  A crocodile (D:8)
  8 centaurs
  A big kobold (D:9)
  5 bullfrogs
  2 scorpions (D:10)
  5 killer bees (D:9)
  10 wights
  3 jellies
  7 howler monkeys
  6 crimson imps
  2 hounds
  6 quasits
  5 orc priests
  A bullfrog skeleton (D:7)
  Crazy Yiuf (D:5)
  3 centaur skeletons
  Ijyb (D:5)
  7 worker ants
  4 iguanas
  8 orc wizards
  A killer bee zombie (D:6)
  A worker ant zombie (D:9)
  4 gnolls
  13 adders
  A howler monkey skeleton (D:10)
  5 shadow imps
  5 oozes
  An adder zombie (D:7)
  An adder skeleton (D:10)
  3 worms
  4 dart slugs
  8 leopard geckos
  24 orcs
  3 bat zombies (D:4)
  8 giant cockroaches
  9 goblins
  5 hobgoblins
  24 jackals
  5 quokkas
  A ball python (D:3)
  A ball python zombie (D:6)
  8 bats
  2 frilled lizards (D:2)
  A jackal skeleton (D:4)
  8 kobolds
  A leopard gecko zombie (D:6)
  2 quokka skeletons
  8 rats
  2 rat zombies (D:4)
290 creatures vanquished.

Vanquished Creatures (others)
  A plant (Lair:1)
1 creature vanquished.

Grand Total: 291 creatures vanquished

Notes
Turn   | Place    | Note
-------+----------+-------------------------------------------
     0 | D:1      | Ivernyr the Ogre Wizard began the quest for the Orb.
     0 | D:1      | Reached XP level 1. HP: 16/16 MP: 5/5
     6 | D:1      | Reached skill level 1 in Conjurations
   249 | D:1      | Reached XP level 2. HP: 8/26 MP: 6/6
   268 | D:1      | Reached skill level 1 in Fighting
   272 | D:1      | Learned a level 2 spell: Blink
   516 | D:1      | Upgraded the game from 0.22-b1-21-g5cfc1688f2 to
                  | 0.22-b1-59-g0aedee734a
   520 | D:1      | Reached skill level 4 in Spellcasting
   881 | D:1      | Reached XP level 3. HP: 25/33 MP: 2/8
   886 | D:1      | Learned a level 3 spell: Conjure Flame
   890 | D:1      | Learned a level 3 spell: Mephitic Cloud
   948 | D:1      | Upgraded the game from 0.22-b1-59-g0aedee734a to 0.22.0
  1817 | D:2      | Reached XP level 4. HP: 42/42 MP: 5/10
  2563 | D:1      | HP: 2/42 [gnoll/halberd (14)]
  2861 | D:1      | Reached XP level 5. HP: 17/50 MP: 3/12
  3719 | D:3      | Reached skill level 5 in Spellcasting
  3887 | D:3      | Found a faded altar of an unknown god.
  4297 | D:3      | Noticed Sigmund
  4310 | D:3      | Upgraded the game from 0.22.0 to 0.22.0-2-ge58baed0e8
  4350 | D:3      | Killed Sigmund
  4350 | D:3      | Reached XP level 6. HP: 22/61 MP: 1/14
  4541 | D:3      | Upgraded the game from 0.22.0-2-ge58baed0e8 to
                  | 0.22.0-5-gf09313c8f9
  5072 | D:4      | Upgraded the game from 0.22.0-5-gf09313c8f9 to
                  | 0.22.0-21-g8bd1b0a76a
  5107 | D:4      | Found an ancient bone altar of Kikubaaqudgha.
  5149 | D:4      | Reached skill level 6 in Spellcasting
  5149 | D:4      | Reached XP level 7. HP: 53/68 MP: 3/16
  5691 | D:4      | Upgraded the game from 0.22.0-21-g8bd1b0a76a to
                  | 0.22.1-1-ga44c0e56f4
  6620 | D:5      | Entered Level 5 of the Dungeon
  6770 | D:5      | Reached skill level 7 in Spellcasting
  6770 | D:5      | Reached skill level 5 in Conjurations
  6770 | D:5      | Reached XP level 8. HP: 60/79 MP: 12/18
  6962 | D:5      | Found a runed door.
  6966 | D:5      | Noticed Crazy Yiuf
  6975 | D:5      | Killed Crazy Yiuf
  7118 | D:5      | Found a shadowy altar of Dithmenos.
  7187 | D:5      | Reached skill level 5 in Fighting
  7377 | D:5      | Noticed Menkaure
  7381 | D:5      | Found Zeath's Jewellery Shoppe.
  7384 | D:5      | Noticed Ijyb
  7433 | D:5      | HP: 4/80 [??? (2)]
  7434 | D:5      | Killed Menkaure
  7436 | D:5      | Killed Ijyb
  8018 | D:5      | Found a blossoming altar of Fedhas.
  8189 | D:5      | Reached skill level 8 in Spellcasting
  8353 | D:5      | Found a basalt altar of Yredelemnul.
  8575 | D:6      | Found a stormy altar of Qazlal.
  8576 | D:6      | Noticed a water elemental
  8576 | D:6      | Noticed an air elemental
  8714 | D:6      | Found Gozag's Platinum Reserve.
  8714 | D:6      | Found an opulent altar of Gozag.
  8835 | D:6      | Reached XP level 9. HP: 13/91 MP: 10/21
  9345 | D:6      | Found a staircase to the Ecumenical Temple.
  9369 | Temple   | Entered the Ecumenical Temple
  9563 | Temple   | Became a worshipper of Sif Muna the Loreminder
  9908 | D:7      | Found an ornate altar of the Wu Jian Council.
 10427 | D:7      | Found a hide-covered altar of Uskayaw.
 10441 | D:7      | Reached skill level 9 in Spellcasting
 11017 | D:7      | Found a hazy altar of Hepliaklqana.
 11493 | D:8      | Learned a level 2 spell: Swiftness
 11828 | D:8      | Reached * piety under Sif Muna
 12123 | D:8      | Reached skill level 10 in Spellcasting
 12558 | D:8      | Reached XP level 10. HP: 104/104 MP: 18/24
 12668 | D:8      | Reached skill level 1 in Invocations
 13824 | D:9      | Reached ** piety under Sif Muna
 14531 | D:9      | Found a staircase to the Orcish Mines.
 14660 | D:9      | Found Syilec's Antique Armour Shoppe.
 14985 | D:9      | Learned a level 5 spell: Lightning Bolt
 14990 | D:9      | Learned a level 4 spell: Airstrike
 15647 | D:10     | Entered Level 10 of the Dungeon
 15870 | D:10     | Reached skill level 11 in Spellcasting
 17135 | D:10     | Got a crude rapier
 17136 | D:10     | Identified the +5 rapier of Growth {pain, Str+2 Dex+6 SInv}
                  | (You found it on level 10 of the Dungeon)
 18049 | D:11     | Reached XP level 11. HP: 72/115 MP: 6/26
 18529 | D:11     | Found a staircase to the Lair.
 18803 | D:11     | Noticed a cyan ugly thing
 18813 | D:11     | Killed a cyan ugly thing
 18982 | D:11     | Reached skill level 12 in Spellcasting
 19137 | D:11     | Noticed an unseen horror
 19338 | D:11     | Reached skill level 10 in Fighting
 19352 | D:11     | Reached *** piety under Sif Muna
 19352 | D:11     | Reached skill level 5 in Invocations
 19774 | D:11     | Killed an unseen horror
 20456 | Lair:1   | Entered Level 1 of the Lair of Beasts
 20844 | D:11     | HP: 5/119 [poisoned by a spiny frog]
 20844 | D:11     | Demolished by a spiny frog

Skill      XL: |  1  2  3  4  5  6  7  8  9 10 11 |
---------------+----------------------------------+-----
Conjurations   | 1 2 3 4 5 6 8 9 |  9.3
Fighting       | 1 2 3 4 6 7 9 10 | 10.3
Spellcasting   | 4 5 6 7 8 10 11 12 | 12.5
Invocations    | 4 5 |  5.4
Dodging        | |  1.7
Stealth        | |  1.4
Summonings     | |  0.8
Translocations | |  0.8

Action                   |  1- 3 |  4- 6 |  7- 9 | 10-12 || total
-------------------------+-------+-------+-------+-------++-------
Melee: Unarmed           |    76 |       |       |       ||    76
       Halberd           |       |     4 |   127 |   147 ||   278
       Rapier            |       |       |       |    92 ||    92
 Cast: Magic Dart        |    87 |   171 |   334 |   349 ||   941
       Blink             |       |     2 |     8 |    20 ||    30
       Mephitic Cloud    |       |     2 |     9 |    24 ||    35
       Conjure Flame     |       |       |    17 |    48 ||    65
       Lightning Bolt    |       |       |       |     3 ||     3
Invok: Divine Energy     |       |       |       |     1 ||     1
Evoke: Wand              |       |       |     1 |       ||     1
  Use: Scroll            |       |       |     3 |     1 ||     4
 Stab: Sleeping          |       |       |     2 |       ||     2
       Confused          |       |       |       |     3 ||     3
  Eat: Chunk             |     3 |    10 |    17 |    14 ||    44
       Ration            |       |       |     2 |     3 ||     5
Armor: Robe              |    43 |    13 |    24 |    62 ||   142
Dodge: Dodged            |    68 |    29 |    86 |   118 ||   301
